Cogmind - Beta 15 @@@ ROGUE MODE // 2025.08.06 @ 18:51:26 Player: Zoe Result: Destroyed by G-47 Trooper with Particle Gun Performance ------------- Evolutions (2) 1000 Regions Visited (5) 1000 Robots Destroyed (35) 175 Value Destroyed (802) 802 Prototype IDs (24) 480 Alien Tech Used (0) 0 Bonus (333) 333 TOTAL SCORE: 3790 Bonus ------- Follower Combat Kills 33 Aligned with FarCom 300 Cogmind --------- Core Integrity 0/550 Matter 74/300 Energy 96/100 System Corruption 1% Temperature Critical (659) Movement Hovering (102) Ox1 Location -8/Materials Parts ------- > --- POWER (1) -------- (None) > --- PROPULSION (3) --- Cooled Airjet Cooled Airjet Cooled Airjet > --- UTILITY (4) ------ Small Storage Unit 0b10 Alert Chip Hardened Medium Armor Plating > --- WEAPON (3) ------- Advanced Assault Cannon Advanced Assault Cannon > --- INVENTORY (8) ---- Cooled Airjet Hardened Medium Armor Plating Hardened Medium Armor Plating Advanced Assault Cannon Grenade Launcher Mini Grenade Launcher Mining Laser Makeshift Axe Peak State ------------ > --- POWER ------------ Light Nuclear Core > --- PROPULSION ------- Cooled Airjet Cooled Airjet Cooled Airjet > --- UTILITY ---------- Improved Heat Sink Small Storage Unit 0b10 Alert Chip Hardened Medium Armor Plating > --- WEAPON ----------- Advanced Assault Cannon Advanced Assault Cannon Advanced Assault Cannon > --- INVENTORY -------- Light Nuclear Core Hardened Medium Armor Plating Hardened Medium Armor Plating Advanced Assault Cannon Grenade Launcher Mini Grenade Launcher Mining Laser Makeshift Axe [Rating: 45] Favorites ----------- Power Ion Engine Engine Ion Engine Power Core Light Nuclear Core Propulsion Aluminum Leg Leg Aluminum Leg Wheel Wheel Hover Unit Cooled Airjet Utility Small Storage Unit Device Sensor Array Storage Small Storage Unit Processor 0b10 Alert Chip Protection Hardened Medium Armor Plating Weapon Light Assault Rifle Ballistic Gun Light Assault Rifle Ballistic Cannon Assault Cannon Launcher Grenade Launcher Special Weapon Mining Laser Slashing Weapon Makeshift Axe Build | -11 -10 -10 -10 -9 -8 ------- Run | Yrd Mat Min Exi Min Mat Slots Evolved 4 | . . . . . 4 Power . | . . . . . . Propulsion 1 | . . . . . 1 Utility 2 | . . . . . 2 Weapon 1 | . . . . . 1 Parts Attached 36 | 7 2 1 . . 26 Power 5 | 1 . . . . 4 Engine 3 | 1 . . . . 2 Core 2 | . . . . . 2 Reactor . | . . . . . . Propulsion 13 | 2 . 1 . . 10 Treads . | . . . . . . Leg 7 | 2 . 1 . . 4 Wheel 3 | . . . . . 3 Hover 3 | . . . . . 3 Flight . | . . . . . . Utility 7 | 2 1 . . . 4 Device 3 | 1 1 . . . 1 Storage 1 | 1 . . . . . Processor 2 | . . . . . 2 Hackware . | . . . . . . Protection 1 | . . . . . 1 Artifact . | . . . . . . Weapon 11 | 2 1 . . . 8 Energy Gun . | . . . . . . Energy Cannon . | . . . . . . Ballistic Gun 3 | 2 . . . . 1 Ballistic Cannon 4 | . . . . . 4 Launcher 1 | . 1 . . . . Special Weapon 1 | . . . . . 1 Impact Weapon . | . . . . . . Slashing Weapon 2 | . . . . . 2 Piercing Weapon . | . . . . . . Special Melee Weapon . | . . . . . . Unidentified Prototypes 1 | . . . . . 1 Parts Lost 12 | . . . . . 12 Power 2 | . . . . . 2 Propulsion 6 | . . . . . 6 Utility 1 | . . . . . 1 Weapon 3 | . . . . . 3 Highest Loss Streak 8 | . . . . . 8 To Critical Strikes . | . . . . . . Average Backups 6 | 4 7 8 8 8 5 Power 1 | . 1 1 1 1 1 Propulsion 1 | 2 3 2 1 1 . Utility . | . . 1 1 2 . Weapon 3 | 1 2 3 4 4 4 Tool/Special . | . . . . . . Unused Backups 10 | . 2 2 1 . 5 Power 1 | . . . . . 1 Propulsion 4 | . 2 1 1 . . Utility 2 | . . . . . 2 Weapon 3 | . . 1 . . 2 Tool/Special . | . . . . . . Average Slot Usage (%) 87 | . 100 100 100 100 80 Engine 8 | . 14 14 14 14 5 Core 1 | . . . . . 2 Leg 13 | . 28 28 28 28 6 Wheel 6 | . . . . . 10 Device 6 | . 14 14 14 14 2 Storage 10 | . 14 14 14 14 9 Processor 10 | . . . . . 17 Ballistic Gun 15 | . 25 28 28 28 9 Ballistic Cannon 5 | . . . . . 8 Slashing Weapon 4 | . . . . . 7 Peak Build Rating 45 | 9 9 8 8 8 45 Average Rating 15 | 7 8 7 8 8 20 On Entrance 6 | . 9 7 8 8 8 Naked Turns . | . . . . . . Heaviest Build 37 | 14 16 14 14 14 37 Greatest Support 30 | 20 20 20 20 20 30 Greatest Overweight (x) 5 | 1 . . . . 5 Average Overweight (x) . | . . . . . 1 Largest Inventory Capacity 8 | 8 8 8 8 8 8 Average Capacity 7 | 7 8 8 8 8 8 Most Carried 8 | 8 8 8 8 8 8 Average Carried 6 | 4 7 7 7 8 5 Final Capacity 8 | 8 8 8 8 8 8 Final Carried 8 | 6 8 8 8 8 8 Class Distribution -------------------- 60% | Mutant 20% | Scavenger-Mutant 16% | Skirmisher Dominant Class ---------------- Mutant | -10/Materials Mutant | -10/Mines Mutant | -10/Exiles Skirmisher | -9/Mines Mutant | -8/Materials Resources | -11 -10 -10 -10 -9 -8 ----------- Run | Yrd Mat Min Exi Min Mat Matter Collected 945 | 310 114 47 . . 474 Remotely . | . . . . . . Salvage Created 970 | 113 169 47 . . 641 Parts 71 | 21 10 4 . . 36 Haulers Intercepted . | . . . . . . Recyclers Shooed 1 | . . . . . 1 Parts Field Recycled . | . . . . . . Retrieved Matter . | . . . . . . Parts Self-Destructed . | . . . . . . Prevented . | . . . . . . Kills | -11 -10 -10 -10 -9 -8 ------- Run | Yrd Mat Min Exi Min Mat Combat Hostiles Destroyed 20 | . 3 3 . . 14 Melee 3 | . . . . . 3 Guns 9 | . 2 3 . . 4 Cannons 7 | . . . . . 7 AOE 1 | . 1 . . . . Classes Destroyed 8 | 1 3 1 . . 3 Worker 5 | . 1 . . . 4 Builder 2 | . . . . . 2 Tunneler 7 | 7 . . . . . Watcher 1 | . 1 . . . . Swarmer 5 | . . 3 . . 2 Grunt 10 | . 3 . . . 7 Duelist 3 | . . . . . 3 Sentry 2 | . . . . . 2 Best Kill Streak 4 | 2 3 3 . . 4 Combat Bots Only 4 | . 1 3 . . 4 Max Kills in Single Turn 1 | 1 1 1 . . 1 Gunslinging . | . . . . . . Exploded 1 | . 1 . . . . Melee 1 | . . . . . 1 Uniques/NPCs Destroyed . | . . . . . . Combat | -11 -10 -10 -10 -9 -8 -------- Run | Yrd Mat Min Exi Min Mat Hostile Shots Fired 257 | . 7 15 . . 235 Missed 84 | . 1 . . . 83 Hits 173 | . 6 15 . . 152 Melee 8 | . . . . . 8 Projectile 165 | . 6 15 . . 144 Critical Strikes 6 | . . . . . 6 Damage Taken 2527 | . 56 127 . . 2344 Core 577 | . . 25 . . 552 Absorbed by Shields . | . . . . . . Regen/Repaired (Parts) 97 | . . . . . 97 Core Remaining (%) 95 | 100 . . . 90 . Volleys Fired 103 | 29 7 10 . . 57 Largest 3 | 2 2 2 . . 3 Hottest 120 | 40 40 40 . . 120 Shots Fired 223 | 58 13 20 . . 132 Gun 171 | 58 12 20 . . 81 Cannon 50 | . . . . . 50 Launcher 1 | . 1 . . . . Special 1 | . . . . . 1 Kinetic 221 | 58 12 20 . . 131 Thermal 1 | . . . . . 1 Explosive 1 | . 1 . . . . Electromagnetic . | . . . . . . Robot Hit Streak 8 | 5 2 3 . . 8 Robot Miss Streak 3 | 3 2 3 . . 3 Penetration Max . | . . . . . . Secondary Targets . | . . . . . . Shots Hit Robots 144 | 28 6 9 . . 101 Core Hits 57 | 11 6 3 . . 37 Critical Kills . | . . . . . . Critical Parts Destroyed . | . . . . . . Critical Strikes 2 | . . . . . 2 Blast 1 | . . . . . 1 Sever 1 | . . . . . 1 Melee Attacks 31 | . . . . . 31 Impact . | . . . . . . Slashing 31 | . . . . . 31 Piercing . | . . . . . . Sneak Attacks . | . . . . . . Combat Hostiles . | . . . . . . Follow-up Attacks 1 | . . . . . 1 Damage Inflicted 2641 | 312 113 103 . . 2113 Guns 1061 | 312 87 103 . . 559 Cannons 899 | . . . . . 899 Explosions 26 | . 26 . . . . Melee 651 | . . . . . 651 Ramming 4 | . . . . . 4 Kinetic 1960 | 312 87 103 . . 1458 Thermal . | . . . . . . Explosive 26 | . 26 . . . . Electromagnetic . | . . . . . . Impact . | . . . . . . Slashing 651 | . . . . . 651 Piercing . | . . . . . . Highest Corruption 1 | . . . . . 1 Average Corruption 1 | . . . . . 1 Corruption Purged . | . . . . . . Corruption Blocked . | . . . . . . Effects 2 | . . . . . 2 Message Errors 1 | . . . . . 1 Energy Discharges 1 | . . . . . 1 Overload Shots . | . . . . . . Overflow Damage 49 | . . . . . 49 Projectiles . | . . . . . . Explosions . | . . . . . . Melee 49 | . . . . . 49 Knockbacks 13 | . . . . . 13 Impact . | . . . . . . Kinetic 11 | . . . . . 11 Secondary 2 | . . . . . 2 Self-Inflicted Damage . | . . . . . . Shots . | . . . . . . Rammed . | . . . . . . Targets Rammed 1 | . . . . . 1 Kicked 1 | . . . . . 1 Crushed . | . . . . . . Highest Temperature 632 | . 6 . . . 632 Average Temperature 117 | . 6 . . . 121 Received Heat Transfer 885 | . 12 . . . 873 Effects 4 | . . . . . 4 Shutdowns 1 | . . . . . 1 Energy Bleed 1 | . . . . . 1 Damage (minor) 1 | . . . . . 1 Damage (core) 1 | . . . . . 1 Siege Activations . | . . . . . . Martial Activations . | . . . . . . Shielding Activations . | . . . . . . Robots Disrupted . | . . . . . . Combat Hostiles . | . . . . . . Robots Corrupted . | . . . . . . Combat Hostiles . | . . . . . . Parts Fried . | . . . . . . Impact Corruptions . | . . . . . . Robots Melted . | . . . . . . Combat Hostiles . | . . . . . . Parts Melted . | . . . . . . Heat Transferred . | . . . . . . Parts Sabotaged . | . . . . . . Parts Stolen . | . . . . . . Parts Stripped . | . . . . . . Power Chain Reactions . | . . . . . . Alert | -11 -10 -10 -10 -9 -8 ------- Run | Yrd Mat Min Exi Min Mat Maximum Alert Level . | . . . . . . Low Security (%) 100 | 100 100 100 . 100 100 Level 1 . | . . . . . . Level 2 . | . . . . . . Level 3 . | . . . . . . Level 4 . | . . . . . . Level 5 . | . . . . . . High Security . | . . . . . . Max Security . | . . . . . . Peak Influence 75 | 10 70 65 . . 75 Initial 27 | . 3 27 . . . Average 13 | 1 24 25 . . 13 Influence Increases 737 | 35 110 85 . . 507 Destroy 0b10 Robot/C 360 | . 60 60 . . 240 Destroy 0b10 Robot/NC 69 | 35 10 . . . 24 Destroy Leader 76 | . 2 10 . . 64 Allied During Kill 3 | . . . . . 3 Successful Hack 20 | . . . . . 20 Disable Machine 15 | . 15 . . . . Destroy Structure 20 | . 8 . . . 12 Lose Combat Pursuer 174 | . 15 15 . . 144 Influence Decreases 675 | 30 45 110 45 . 445 Entered New Map 90 | . 2 43 45 . . Time Decay 421 | 30 43 67 . . 281 Lost Part 106 | . . . . . 106 Lost Ally 19 | . . . . . 19 Purge Threat 39 | . . . . . 39 Squads Dispatched 3 | . . . . . 3 Investigation 2 | . . . . . 2 Extermination . | . . . . . . Reinforcement 1 | . . . . . 1 Assault . | . . . . . . Garrison . | . . . . . . Intercept . | . . . . . . Searches Triggered . | . . . . . . Construction Impeded . | . . . . . . Haulers Reinforced . | . . . . . . Active Scanning Responses . | . . . . . . Cargo Convoy Interrupts . | . . . . . . Stealth | -11 -10 -10 -10 -9 -8 --------- Run | Yrd Mat Min Exi Min Mat Distress Signals 3 | . . . . . 3 Communications Jammed . | . . . . . . Distress Signals . | . . . . . . Times Spotted 52 | . 8 3 . . 41 Peak Tracking Total 13 | . 3 3 . . 13 Tactical Retreats 9 | . 1 1 . . 7 Traps | -11 -10 -10 -10 -9 -8 ------- Run | Yrd Mat Min Exi Min Mat Traps Triggered . | . . . . . . Indirectly . | . . . . . . Trap Hack Attempts . | . . . . . . Triggered . | . . . . . . Disarmed . | . . . . . . Reprogrammed . | . . . . . . Reused . | . . . . . . Traps Extracted . | . . . . . . Installed . | . . . . . . Triggered . | . . . . . . Machines | -11 -10 -10 -10 -9 -8 ---------- Run | Yrd Mat Min Exi Min Mat Machines Disabled 1 | . 1 . . . . Max in Single Turn 1 | . 1 . . . . Machines Repaired . | . . . . . . Machines Dismantled . | . . . . . . Machines Sabotaged . | . . . . . . Overloaded Fab Kills . | . . . . . . Hacking | -11 -10 -10 -10 -9 -8 --------- Run | Yrd Mat Min Exi Min Mat Machines Accessed 5 | . . . 1 . 4 Terminals 3 | . . . . . 3 Fabricators . | . . . . . . Repair Stations 1 | . . . . . 1 Recycling Units . | . . . . . . Scanalyzers . | . . . . . . Garrison Access . | . . . . . . Total Hacks 19 | . . . 1 . 18 Successful 12 | . . . 1 . 11 Failed 7 | . . . . . 7 Catastrophic 1 | . . . . . 1 Database Lockouts . | . . . . . . Manual 13 | . . . 1 . 12 Terminals 14 | . . . . . 14 Fabricators . | . . . . . . Repair Stations 4 | . . . . . 4 Recycling Units . | . . . . . . Scanalyzers . | . . . . . . Garrison Access . | . . . . . . Terminal Hacks 3 | . . . 1 . 2 Unreport Threat 1 | . . . . . 1 Zone Layout 1 | . . . . . 1 Proto ID Catalog 1 | . . . 1 . . Fabricator Hacks . | . . . . . . Repair Station Hacks 4 | . . . . . 4 Scan Component 2 | . . . . . 2 Repair 2 | . . . . . 2 Recycling Unit Hacks . | . . . . . . Scanalyzer . | . . . . . . Garrison Access Hacks . | . . . . . . Unauthorized Hacks 5 | . . . . . 5 Terminals 5 | . . . . . 5 Track 2 | . . . . . 2 Botnet 3 | . . . . . 3 Fabricators . | . . . . . . Repair Stations . | . . . . . . Recycling Units . | . . . . . . Scanalyzers . | . . . . . . Garrison Access . | . . . . . . Data Cores Recovered . | . . . . . . Used . | . . . . . . Hacking Detections 4 | . . . . . 4 Full Trace Events 4 | . . . . . 4 Feedback Events 1 | . . . . . 1 Corruption 1 | . . . . . 1 Feedback Blocked . | . . . . . . Robot Schematics Acquired . | . . . . . . Robots Built . | . . . . . . Authchips . | . . . . . . Time . | . . . . . . Total Robot Build Rating . | . . . . . . Part Schematics Acquired . | . . . . . . Parts Built . | . . . . . . Authchips . | . . . . . . Time . | . . . . . . Total Part Build Rating . | . . . . . . Parts Repaired 2 | . . . . . 2 Time 70 | . . . . . 70 Parts Recycled . | . . . . . . Recycled Matter . | . . . . . . Retrieved Matter . | . . . . . . Retrieved Components . | . . . . . . Parts Scanalyzed . | . . . . . . Part Schematics Acquired . | . . . . . . Parts Damaged . | . . . . . . Bothacking | -11 -10 -10 -10 -9 -8 ------------ Run | Yrd Mat Min Exi Min Mat Used RIF Installer . | . . . . . . Robots Hacked . | . . . . . . Non-combat . | . . . . . . Combat . | . . . . . . Robot Hacks Applied . | . . . . . . Relay Couplers Released . | . . . . . . Fabnet Peak Effective % . | . . . . . . Robots Rewired . | . . . . . . Allies Hacked . | . . . . . . Hacks Repelled . | . . . . . . Allies | -11 -10 -10 -10 -9 -8 -------- Run | Yrd Mat Min Exi Min Mat Total Allies 3 | . . . . 3 . Largest Group 3 | . . . . 3 3 Highest-Rated Group 40 | . . . . 40 40 Highest-Rated Ally 16 | . . . . 16 16 Total Orders . | . . . . . . Ally Attacks 16 | . . . . . 16 Total Damage 190 | . . . . . 190 Kills 2 | . . . . . 2 Allies Corrupted . | . . . . . . Allies Melted . | . . . . . . Intel | -11 -10 -10 -10 -9 -8 ------- Run | Yrd Mat Min Exi Min Mat Active Infowar (turns) 1090 | 200 173 190 284 62 181 Sensors 776 | . 59 190 284 62 181 Terrain 314 | 200 114 . . . . Robot Analysis Total . | . . . . . . Derelict Logs Recovered 1 | . . 1 . . . Drone Launches . | . . . . . . Drone Recoveries . | . . . . . . Exploration | -11 -10 -10 -10 -9 -8 ------------- Run | Yrd Mat Min Exi Min Mat Turns Passed 2282 | 255 174 190 284 62 1317 Spaces Moved 1099 | 132 118 130 235 37 447 Core 105 | 11 . . . . 94 Treads . | . . . . . . Legs 774 | 121 118 130 235 37 133 Wheels 207 | . . . . . 207 Hover 13 | . . . . . 13 Flight . | . . . . . . Fastest Speed 50 | 50 120 120 120 120 80 Average Speed 128 | 117 120 120 120 120 142 Slowest Speed 300 | 120 120 120 120 120 300 Overloaded Moves . | . . . . . . Propulsion Burnouts . | . . . . . . Robots Hopped . | . . . . . . Potential Cave-ins . | . . . . . . Cave-ins Triggered . | . . . . . . Exploration Rate (%) 26 | 8 19 35 62 8 28 Regions Visited 5 Branch Regions 3 Pre-discovered Areas . | . . . . . . Known Exits Taken . | . . . . . . Unknown Exits Taken 5 | 1 1 1 1 1 . Scrap Searched . | . . . . . . Spaces Dug 3 | . . . . . 3 Terrain Destroyed 18 | . 8 . . . 10 Melee 2 | . . . . . 2 Projectile 8 | . . . . . 8 AOE 8 | . 8 . . . . Terrain Rammed . | . . . . . . Walls Destroyed . | . . . . . . Machines Disabled . | . . . . . . Actions | -11 -10 -10 -10 -9 -8 --------- Run | Yrd Mat Min Exi Min Mat Total 1749 | 180 139 146 237 54 993 Wait 417 | . 4 2 . 18 393 Move 1094 | 131 117 129 234 36 447 Hop . | . . . . . . Pick Up 44 | 13 5 2 1 . 23 Fast Attach 4 | . . . . . 4 Attach 24 | 7 . . . . 17 Detach . | . . . . . . Swap 15 | . 3 1 1 . 10 Drop 18 | . 3 2 1 . 12 Fire 103 | 29 7 10 . . 57 Melee 29 | . . . . . 29 Ram . | . . . . . . Kick 1 | . . . . . 1 Crush . | . . . . . . Escape Stasis . | . . . . . . Rewire . | . . . . . . Trap . | . . . . . . Miscellaneous . | . . . . . . Route ------- -11/Scrapyard -10/Materials -10/Mines -10/Exiles -9/Mines -8/Materials History --------- Turn | Location | Event 9 | -11/Scrapyard | Discovered new exit (range 15) 256 | -11/Scrapyard | Entered Materials 314 | -10/Materials | Build established: Mutant 424 | -10/Materials | Discovered new exit (range 6) 430 | -10/Materials | Entered Mines 532 | -10/Mines | A weapon hastily lodged in a ceiling crevice suddenly fell to the ground 585 | -10/Mines | Learned Materials stockpile data 615 | -10/Mines | Deemed a non-threat by the Exiles lab entrance 615 | -10/Mines | Discovered new exit (range 5) 620 | -10/Mines | Entered Exiles 651 | -10/Exiles | Met 8R-AWN 671 | -10/Exiles | Met EX-HEX 707 | -10/Exiles | Met EX-BIN 720 | -10/Exiles | Aligned with FarCom system 722 | -10/Exiles | Given EX-Vault access code 753 | -10/Exiles | Opened EX-Vault 761 | -10/Exiles | Found 0b10 Alert Chip 787 | -10/Exiles | Warned to stay clear of 0b10 Research branches 803 | -10/Exiles | Exiles lab attacked by MAIN.C 895 | -10/Exiles | Discovered new exit (range 10) 904 | -10/Exiles | Left Exiles lab with 0b10 Alert Chip 904 | -10/Exiles | Entered Mines 933 | -9/Mines | Discovered new exit (range 10) 951 | -9/Mines | Assisted by bots powering up and referring to "LRC-V3" 966 | -9/Mines | Entered Materials 966 | -8/Materials | Accompanied by 3 allies 966 | -8/Materials | Evolved 4 slots: Propulsion x1, Utility x2, Weapon x1 1074 | -8/Materials | Lost 3 allies 1217 | -8/Materials | Lost 8 parts (5n1u2w) 1850 | -8/Materials | Build established: Scavenger-Mutant 1943 | -8/Materials | Repaired Lgt. Assault Rifle 1989 | -8/Materials | Repaired Mak. Axe 2064 | -8/Materials | Core integrity fell below 50% 2281 | -8/Materials | Core integrity fell below 20% 2283 | -8/Materials | Destroyed by G-47 Trooper with Particle Gun Last Messages --------------- T-07 Excavator is excavating. G-47 Trooper knocked back. L-31 Rogue destroyed. G-47 Trooper knocked back. G-47 Trooper destroyed. Critical hit (Burn: +37). L-31 Rogue knocked back. G-47 Trooper destroyed. G-47 Trooper knocked back. Overheating: Energy bleed (-36). Adv. Assault Cannon destroyed. G-47 Trooper destroyed. L-31 Rogue destroyed. U-05 Engineer builds a Wall. Power failure, Lgt. Nuclear Core shutdown. Lgt. Nuclear Core destroyed. Overheating: Cld. Airjet damaged (-34). Overheating: Core damaged (-99). U-05 Engineer knocked back. K-01 Serf collects debris. Map ----- +----------------------------------------------------+ | ?????????# ## #??????????????????????????? | | #####????# ## ! #??????????????????????????? | | #????# ## "" #??????????????????????????? | | #????# ## #??????????????????????????? | | #????# ## ! #??????????????????????????? | | ########## ##########??????????????????????????? | | ### # #???????????????????????????????????? | | # # #???????????????????????????????????? | | # # #???????????????????????????????????? | | # # #???????????????????????????????????? | | # ! + #???????????????????????????????????? | | # # #???????????????????????????????????? | | ######## #???????????????????????????????????? | | # # #????????????????????? ?????????????? | | ### """ # #???????????????????? ??????????????? | | ### """ # #??????????????????? ???????????????? | | + """ # #?########????##??? ????????????????? | | ### # #?#//[[ *#???# ##? ?????????????????? | | ??# """ # #?#//[[= #??? # ??????????????????? | | ??# """ # #?# r = #??? ???????????????????? | | ### """ # ### ##### ########## ????????? | | # # "%" akw ^ % #???????? | | # """ + " !%! % % #???????? | | #! """ # ^ ! %k[g #???????? | | # """ ##+##############;g%;#######????????????? | | # ## "T" #????#@g%=* #?????????????????? | | ######### #????#%ggY% #?????????????????? | | ###### # #????#""r= #?????????????????? | | #! #????#"Y #?????????????????? | | %%+* /= #????#"" #?????????????????? | | #### #! !! #????# #?????????????????? | | [#??###### !! #???#######;#????????????????? | | #???????# ##??????????##????????????????? | | ]#???????# #?????????????????????????????? | | ###???????##########?????????????????????????????? | | ???????????????##????????????????????????????????? | | ?????????????????????????????????????????????????? | | ?????????????????????????????????????????????????? | | ?????????????????????????????????????????????????? | | | | | | | | | | | | | | | | | | | | | | | +----------------------------------------------------+ Best States ------------- Heat Dissipation 45 Energy Generation 14 Energy Capacity 250 Matter Stores 300 Matter Capacity 300 Sight Range 16 Robot Scan Range 14 Terrain Scan Range 16 Terrain Scan Density 10 Armor Coverage 225 Evasion (%) 55 Item Schematics ----------------- None Robot Schematics ------------------ None Fabricated ------------ Nothing Repaired ---------- Lgt. Assault Rifle | 5% | -8/Materials Mak. Axe | 61% | -8/Materials Alien Tech Used ----------------- None Achievements -------------- None Challenges ------------ None Game ------ Seed RefineryMatterDesublimator Manual? 0 Play Time 00:24:11 Cumulative 24.3 hours Start 2025.08.06 @ 18:27:54 End 2025.08.06 @ 18:51:26 Sessions 1 Manual Loads 0 Difficulty Rogue Special Mode None Game No. 49 Rogue 46 Adventurer 3 Explorer 0 Win Type - Total 0 Types 0/0/0/0/0/0/0/0/0/0 Lore% 15 Gallery% 20 Achievement% 21 Wizard Run 0 Options --------- Layout 1 ASCII 0 Keyboard 0 Movement Mouse Keybinds 0 Fullscreen 1 Font 24/Smallcaps Map View 50x35 Zoom Use 1% Tactical HUD 0 Map Filters NONE Filters NONE Steam 1 RUN: 488db75a-b731-42ec-ae2f-98f9539ae975